 Dungeon Crawl Stone Soup version 0.31-a0-1005-gfbdfbacc72 (webtiles) character file.

Game seed: 12981111854057921747

27 protoss039 the Digger (level 2, 21/21 HPs)
             Began as a Demonspawn Earth Elementalist on Nov 11, 2023.
             Was a Follower of Cheibriados.
             Got out of the dungeon alive.
             The game lasted 00:01:02 (582 turns).

protoss039 the Digger (DsEE)                         Turns: 582, Time: 00:01:02

Health: 21/21      AC:  3    Str: 11    XL:     2   Next: 93%
Magic:  5/5        EV: 12    Int: 19    God:    Cheibriados [*.....]
Gold:   47         SH:  0    Dex: 16    Spells: 4/5 levels left

rFire   . . .        d - +0 dagger
rCold   . . .        (no shield)
rNeg    . . .        a - +0 robe
rPois   .            (no helmet)
rElec   .            (no cloak)
rCorr   .            (no gloves)
SInv    .            c - +0 pair of boots
Will    .....        (no amulet)
Stlth   ++           (no ring)
HPRegen 0.23/turn    (no ring)
MPRegen 0.09/turn

%: no passive effects
@: very slow
A: powered by pain 1
a: Renounce Religion, Bend Time


You escaped.
You worshipped Cheibriados.
Cheibriados was aware of your devotion.
You visited 1 branch of the dungeon, and saw 1 of its levels.

You collected 47 gold pieces.

Inventory:

Hand Weapons
 d - a +0 dagger (weapon)
Armour
 a - a +0 robe (worn)
 c - a +0 pair of boots (worn)
Scrolls
 f - a scroll of noise {unknown}
 g - a scroll of teleportation {unknown}
Potions
 b - a potion of magic
 e - a potion of curing {unknown}


   Skills:
 + Level 1.3 Fighting
 - Level 1.7 Dodging
 - Level 1.7 Stealth
 + Level 2.4 Spellcasting
 - Level 0.8 Transmutations
 + Level 3.1 Earth Magic


You had 4 spell levels left.
You knew the following spells:

 Your Spells              Type           Power      Damage    Failure   Level
a - Sandblast             Erth           28%        2d8       4%          1

Your spell library contained the following spells:

 Spells                   Type           Power      Damage    Failure   Level
 Passwall                 Tmut/Erth      7%         N/A       11%         2
 Shock                    Conj/Air       8%         1d3       16%         1
 Stone Arrow              Conj/Erth      16%        3d8       26%         3
 Ozocubu's Armour         Ice            2%         N/A       43%         3
 Swiftness                Air            2%         N/A       43%         3
 Petrify                  Tmut/Erth      9%         N/A       56%         4
 Brom's Barrelling Bould  Conj/Erth      8%         2d3       65%         4
 Airstrike                Air            1%         2d(1-17)  85%         4
 Olgreb's Toxic Radiance  Pois           2%         N/A       85%         4
 Ozocubu's Refrigeration  Ice            1%         4d7       100%        7
 Discord                  Hex            1%         N/A       100%        8
 Ignition                 Fire           1%         3d3       100%        8


Dungeon Overview and Level Annotations

Branches:
Dungeon (1/15) Zot: 8166

Altars:
Cheibriados


Innate Abilities, Weirdness & Mutations

You sometimes gain a little power by taking damage.


Message History

You hit the bat.
The bat is heavily wounded.
The bat closely misses you.
There are monsters nearby!
You hit the bat.
You kill the bat!
Cheibriados thoroughly appreciates the change of pace.
A rat is nearby!
A rat is nearby!
You barely miss the rat. The rat bites you but does no damage.
A rat is nearby!
You closely miss the rat. The rat barely misses you.
A rat is nearby!
You completely miss the rat. The rat bites you.
A rat is nearby!
You hit the rat but do no damage. The rat closely misses you.
A rat is nearby!
You barely miss the rat. The rat barely misses you.
A rat is nearby!
A rat is nearby!
You hit the rat.
The rat is heavily wounded.
The rat barely misses you.
A rat is nearby!
You hit the rat.
You kill the rat!
Cheibriados appreciates the change of pace.
Cheibriados raises the support of your attributes as your movement slows.
Done exploring.
No target in view!
Done exploring.
No target in view!
Done exploring.
No target in view!
Done exploring.
Done exploring.
Search for what [? for help]? .
There is an open gate here.
There is a staircase leading out of the dungeon here.
You have escaped!

.................................
........................)†.......
.................#####......#....
.................#...#.......#...
...........#######.8.#...........
..♣.♣.♣.♣..#.........#.........##
..........##........##.........#
..........'.........#....⌠.....#
..........'.....@...#...⌠......#
..........'.........#....⌠.....#
..........##........##.....#####
..♣.♣.♣.♣..#.........#.....#
...........#######.8.#.....#
.................#...#.....#
.................#####.....#
...........................#
...........................#


There were no monsters in sight!

Vanquished Creatures
  A gnoll (D:1)
  An endoplasm (D:1)
  2 goblins (D:1)
  2 hobgoblins (D:1)
  2 kobolds (D:1)
  A quokka (D:1)
  3 bats (D:1)
  A frilled lizard (D:1)
  3 rats (D:1)
16 creatures vanquished.

Notes
Turn   | Place    | Note
-------+----------+-------------------------------------------
     0 | D:1      | protoss039 the Demonspawn Earth Elementalist began the
                  | quest for the Orb.
     0 | D:1      | Reached XP level 1. HP: 13/13 MP: 3/3
    84 | D:1      | Reached skill level 1 in Fighting
    84 | D:1      | Gained mutation: You sometimes gain a little power by
                  | taking damage. [demonic ancestry]
    84 | D:1      | Reached XP level 2. HP: 21/21 MP: 0/5
   151 | D:1      | Reached skill level 3 in Earth Magic
   354 | D:1      | Found a faded altar of an unknown god.
   368 | D:1      | Prayed at the altar of an unknown god.
   368 | D:1      | Became a worshipper of Cheibriados the Contemplative
   368 | D:1      | Reached * piety under Cheibriados
   582 | D:$      | Got out of the dungeon alive.

Illustrated notes

Levels and vault maps discovered:
D:1:      wander_arrival_estate, layout_rooms, ebering_ecumenical_altar_hall

Skill      XL: |  1  2 |
---------------+-------+-----
Fighting       | 1 |  1.3
Earth Magic    | 3 |  3.1
Dodging        | |  1.7
Stealth        | |  1.7
Spellcasting   | |  2.4
Transmutations | |  0.8

Action                     || total
---------------------------++-------
  Melee: Dagger            ||    31
   Cast: Sandblast         ||    14
 Armour: Robe              ||    17
  Dodge: Dodged            ||    27

Table legend: (Time is in decaauts)
 A = Elapsed time spent in this place.
 B = Non-inter-level travel time spent in this place.
 C = Inter-level travel time spent in this place.
 D = Time resting spent in this place.
 E = Time spent auto-exploring this place.
 F = Levels seen in this place.
 G = Mean time per level.
                   A        B        C        D        E       F      G
               +--------+--------+--------+--------+--------+-----+--------+
         Total |    647 |    624 |     23 |      0 |    462 |   1 |  647.0 |
       Dungeon |    647 |    624 |     23 |      0 |    462 |   1 |  647.0 |
               +--------+--------+--------+--------+--------+-----+--------+

Top non-repeatable levels by time:
     D:1: 647 daAuts
